 Dungeon Crawl Stone Soup version 0.17-a0-1635-gd4e48f1 (webtiles) character file.

5 hexophile the Skirmisher (level 1, -1/18 HPs)
             Began as a Mummy Abyssal Knight on Aug 4, 2015.
             Was a Follower of Lugonu.
             Slain by a spatial maelstrom (8 damage)
             ... on level 1 of the Abyss.
             The game lasted 00:00:31 (193 turns).

hexophile the Skirmisher (Mummy Abyssal Knight)      Turns: 193, Time: 00:00:31

Health: -1/18      AC:  3    Str: 15    XL:     1   Next: 66%
Magic:  2/2        EV: 11    Int: 11    God:    Lugonu [*.....]
Gold:   0          SH:  0    Dex: 11    Spells: 0 memorised, 0 levels left

rFire  x . .     SeeInvis .     a - +1 spear
rCold  + . .     Clarity  .     b - +0 leather armour
rNeg   + + +     SustAt   .     (no shield)
rPois  ∞         Gourm    .     (no helmet)
rElec  .         Spirit   .     (no cloak)
rCorr  .         Warding  .     (no gloves)
rMut   .         Stasis   .     (no boots)
MR     .....                    (no amulet)
Stlth  +.........               (no ring)
                                (no ring)

@: not resistant to hostile enchantments, very unstealthy
A: no food or potions, fire vulnerability, cold resistance 1, negative energy
resistance 3, torment resistance, unbreathing
a: Depart the Abyss, Renounce Religion


You were on level 1 of the Abyss.
You worshipped Lugonu.
Lugonu was aware of your devotion.
You were not hungry.

You visited 0 branches of the dungeon, and saw 0 of its levels.
You visited the Abyss 1 time.

Inventory:

Hand weapons
 a - a +1 spear (weapon)
Armour
 b - a +0 leather armour (worn)
Scrolls
 c - a scroll of enchant armour {unknown}


   Skills:
 - Level 3.0 Fighting
 + Level 2.0 Polearms
 - Level 1.5 Armour
 - Level 0.7 Dodging
 - Level 1.5 Invocations


You couldn't memorise any spells.
You didn't know any spells.

Dungeon Overview and Level Annotations

Branches:
Dungeon (0/15)

Altars:


Innate Abilities, Weirdness & Mutations

You do not eat or drink.
Your flesh is vulnerable to fire.
You are immune to poison.
Your flesh is cold resistant.
You are immune to negative energy.
You are immune to unholy pain and torment.
You can survive without breathing.


Message History

The ufetubus hits you but does no damage.
The ufetubus closely misses you.
You closely miss the ufetubus. The ufetubus hits you. The ufetubus hits you.
The ufetubus closely misses you.
The ufetubus hits you but does no damage.
You hit the ufetubus.
You kill the ufetubus!
Your Polearms skill increases to level 2!
A spatial vortex comes into view. x2
You start resting. 4 spatial vortices and a spatial maelstrom come into view.
A spatial vortex comes into view.
The spatial maelstrom completely misses you.
The spatial maelstrom hits you. Space bends around you.
A spatial vortex comes into view.
A spatial vortex comes into view. 2 spatial vortices come into view.
The spatial vortex moves out of view.
The spatial maelstrom misses you. The spatial maelstrom hits you!
You die...

.. .#. ..# #
..## #..# #.
#... .#. ##
#.#...#.. # ..
##[..#..# .#.#
##..#.#.v# ...#
#......@##...###
.
..###..v.#...v.
# ## #.......# .
.# #...#..#.#
..# ..#
#..#...##...#
##v.###X#... ##
. ##. .#.#.
#.#v....... .
..##....
.#v#...##.## # #
....###..
.#vv....


You could see a tentacled monstrosity, a spatial maelstrom and 2 spatial
vortices.

Vanquished Creatures
  An ufetubus (Abyss:1)
1 creature vanquished.

Notes
Turn   | Place    | Note
--------------------------------------------------------------
     0 | Abyss:1  | hexophile the Mummy Abyssal Knight began the quest for the Orb.
     0 | Abyss:1  | Reached XP level 1. HP: 18/18 MP: 2/2
   146 | Abyss:1  | Noticed a small abomination
   152 | Abyss:1  | Noticed a tentacled monstrosity
   155 | Abyss:1  | Noticed a spatial vortex
   155 | Abyss:1  | Noticed a spatial vortex
   156 | Abyss:1  | Noticed a spatial vortex
   158 | Abyss:1  | Noticed a spatial vortex
   165 | Abyss:1  | Noticed a spatial vortex
   166 | Abyss:1  | Noticed a spatial vortex
   188 | Abyss:1  | Noticed a spatial maelstrom
   188 | Abyss:1  | Noticed a spatial vortex
   188 | Abyss:1  | Noticed a spatial vortex
   188 | Abyss:1  | Noticed a spatial vortex
   188 | Abyss:1  | Noticed a spatial vortex
   188 | Abyss:1  | Noticed a spatial vortex
   189 | Abyss:1  | Noticed a spatial vortex
   191 | Abyss:1  | Noticed a spatial vortex
   191 | Abyss:1  | Noticed a spatial vortex
   191 | Abyss:1  | Noticed a spatial vortex
   193 | Abyss:1  | Slain by a spatial maelstrom

Vault maps used:

Action                   || total
-------------------------++-------
Melee: Spear             ||     4
